 Dungeon Crawl Stone Soup version 0.30.1 (webtiles) character file.

Game seed: 5981527509199258142

3 GeoRichter the Grasshopper (level 1, -2/16 HPs)
             Began as a Demonspawn Warper on July 10, 2023.
             Slain by a hobgoblin (3 damage)
             ... on level 1 of the Dungeon.
             The game lasted 00:00:43 (125 turns).

GeoRichter the Grasshopper (Demonspawn Warper)       Turns: 125, Time: 00:00:44

Health: -2/16      AC:  3    Str: 11    XL:     1   Next: 41%
Magic:  3/3        EV: 11    Int: 14    God:
Gold:   2          SH:  0    Dex: 12    Spells: 4/4 levels left

rFire   . . .        a - +0 hand axe
rCold   . . .        (no shield)
rNeg    . . .        b - +0 leather armour
rPois   .            (no helmet)
rElec   .            (no cloak)
rCorr   .            (no gloves)
SInv    .            (no boots)
Will    .....        (no amulet)
Stlth   +            (no ring)
HPRegen 0.22/turn    (no ring)
MPRegen 0.08/turn

%: no passive effects
@: no status effects
A: no striking features
a: no special abilities


You were on level 1 of the Dungeon.
You visited 1 branch of the dungeon, and saw 1 of its levels.

You collected 2 gold pieces.

Inventory:

Hand Weapons
 a - a +0 hand axe (weapon)
Missiles
 d - 7 boomerangs of dispersal (quivered) {!f}
Armour
 b - a +0 leather armour (worn)
Scrolls
 e - a scroll of immolation {unknown}
 g - a scroll of brand weapon {unknown}
 h - a scroll of enchant armour {unknown}
Potions
 f - 2 potions of lignification {unknown}


   Skills:
 - Level 2.0 Fighting
 * Level 2.1 Axes
 - Level 0.8 Throwing
 - Level 0.8 Armour
 - Level 1.7 Dodging
 - Level 2.0 Spellcasting
 - Level 2.6 Translocations


You had 4 spell levels left.
You didn't know any spells.
Your spell library contained the following spells:

 Spells                   Type           Power      Damage    Failure   Level
 Blink                    Tloc           16%        N/A       16%         2
 Lesser Beckoning         Tloc           16%        N/A       16%         2
 Teleport Other           Tloc           8%         N/A       30%         3
 Poisonous Vapours        Pois/Air       2%         N/A       43%         2
 Vhi's Electric Charge    Tloc/Air       10%        N/A       47%         3
 Frozen Ramparts          Ice            2%         1d1       67%         3
 Mephitic Cloud           Conj/Pois/Air  1%         N/A       67%         3
 Manifold Assault         Tloc           8%         N/A       71%         4
 Ice Form                 Ice/Tmut       1%         N/A       97%         4
 Summon Ice Beast         Ice/Summ       1%         N/A       97%         4
 Freezing Cloud           Conj/Ice/Air   0%         6-21      100%        5


Dungeon Overview and Level Annotations

Branches:
Dungeon (1/15) Zot: 5871

Altars:


Message History

You miss the goblin.
The ball python bites you but does no damage.
The ball python constricts you.
* * * LOW HITPOINT WARNING * * *
The goblin hits you with a +0 club.
* * * LOW HITPOINT WARNING * * *
Blink to where?
Press: ? - help, Dir - move target You escape the ball python's grasp.
As you read the scroll of blinking, it crumbles to dust.
The ball python bites you.
* * * LOW HITPOINT WARNING * * *
The ball python grabs you. The ball python constricts you.
You closely miss the ball python.
The ball python is moderately wounded.
The ball python closely misses you. The ball python constricts you.
* * * LOW HITPOINT WARNING * * *
You closely miss the ball python.
The ball python is moderately wounded.
The ball python bites you.
* * * LOW HITPOINT WARNING * * *
The ball python constricts you.
You hit the ball python.
You kill the ball python!
Your Axes skill increases to level 2!
The goblin attacks as you move away! The goblin hits you with a +0 club.
* * * LOW HITPOINT WARNING * * *
You hit the goblin.
The goblin is moderately wounded.
The goblin hits you but does no damage. x2
You barely miss the goblin.
The goblin is moderately wounded.
You closely miss the goblin. The goblin closely misses you.
You barely miss the goblin.
The goblin is moderately wounded.
You barely miss the goblin. The goblin closely misses you.
The goblin hits you but does no damage.
You hit the goblin.
You kill the goblin!
You hit the goblin but do no damage. You closely miss the hobgoblin.
The goblin hits you with a +0 club.
* * * LOW HITPOINT WARNING * * *
The hobgoblin hits you.
* * * LOW HITPOINT WARNING * * *
You hit the hobgoblin.
The hobgoblin is almost dead.
You hit the goblin.
You kill the goblin!
The hobgoblin hits you.
You die...

##.## #..#######.#
#..####.## ##.#
#.#.....# #..#
#.#.....# ##.##
..#.....# ##S.#
..##.....# ##..##
.## #.....# ##..##
#. #...)g###.)## .
#...)@#.g.##
#.......### ##.
###......######...
.>......[........#
###...........##.
##............##
#..##.........#
.##...#.........#
...?.!..........#


You could see a hobgoblin.

Vanquished Creatures
  2 goblins (D:1)
  2 ball pythons (D:1)
  A kobold (D:1)
5 creatures vanquished.

Notes
Turn   | Place    | Note
-------+----------+-------------------------------------------
     0 | D:1      | GeoRichter the Demonspawn Warper began the quest for the
                  | Orb.
     0 | D:1      | Reached XP level 1. HP: 16/16 MP: 3/3
   125 | D:1      | Slain by a hobgoblin

Illustrated notes

Levels and vault maps discovered:
D:1:      lemuel_arrival_behind_the_door_small, layout_rooms,
          minmay_close_crescents

Skill      XL: |  1 |
---------------+----+-----
Axes           | 2 |  2.1
Fighting       | |  2.0
Throwing       | |  0.8
Armour         | |  0.8
Dodging        | |  1.7
Spellcasting   | |  2.0
Translocations | |  2.6

Action                     || total
---------------------------++-------
  Melee: Hand axe          ||    14
    Use: Scroll            ||     1
 Armour: Leather armour    ||     5
  Dodge: Dodged            ||     8
